Match 47601966
Unlisted

Match 47601966
End
Construct Infanterie Kompanie
MG 42 Machine Gun Team
Grenadier Squad
GrW 34 Mortar Team
Construct Luftwaffe Kompanie
MG 42 Machine Gun Team
221 Scout Car
Medical Station
Jäger Squad
Support Elements
Jäger Squad
Construct Panzer Kompanie
1º Fallschirm Pz Div ✠
mi prima de Cifuentes
伊蕾娜
JVM
wojtej123
皮諾可這個直接電死
Mellow Elf
Potato Elf
0
0

Comments sign in to comment!

No comments posted yet!